TOP OF THE 1ST |
New York Knights batting - Pitching for Pocatello Bellas : RHP Kevin Bush
|
Pitching: RHP Kevin Bush
|
|
Batting: LHB Bob Campbell
|
0-0: Ball 1-0: Called Strike 1-1: Ball 2-1: Ball 3-1: Fly out, F5 (Popup, 56S)
|
Batting: RHB Jackson Gibson
|
0-0: Ball 1-0: SINGLE (Flyball, 9S)
|
Batting: SHB Mark Wells
|
0-0: Ball 1-0: Foul Ball, location: 2F 1-1: Ball 2-1: Called Strike 2-2: Ball 3-2: SINGLE (Groundball, 6D) Jackson Gibson to second
|
Batting: LHB Bill McCraney
|
0-0: Ball Jackson Gibson steals 3rd base Mark Wells to second 1-0: SINGLE (Line Drive, 4) Jackson Gibson scores Mark Wells to third
|
Batting: RHB Alberto Hernández
|
0-0: Grounds into double play, 6-4-3 (Groundball, 6)
|
Top of the 1st over - 1 run, 3 hits, 0 errors, 1 left on base; New York 1 - Pocatello 0 |
BOTTOM OF THE 1ST |
Pocatello Bellas batting - Pitching for New York Knights : RHP Thatcher Smith
|
Pitching: RHP Thatcher Smith
|
|
Batting: RHB Buck Jones
|
0-0: Ball 1-0: Called Strike 1-1: Foul Ball, location: 2F 1-2: Foul Ball, location: 2F 1-2: Foul Ball, location: 2F 1-2: Foul Ball, location: 2F 1-2: Foul Ball, location: 2F 1-2: Foul Ball, location: 2F 1-2: Ball 2-2: Fly out, F8 (Flyball, 8RD)
|
Batting: RHB Lonnie Anderson
|
0-0: Called Strike 0-1: Foul Ball, location: 2F 0-2: Foul Ball, location: 2F 0-2: Strikes out swinging
|
Batting: SHB Shane Hutchinson
|
0-0: Foul Ball, location: 2F 0-1: Fly out, F6 (Popup, 6S)
|
Bottom of the 1st over - 0 runs, 0 hits, 0 errors, 0 left on base; New York 1 - Pocatello 0 |
TOP OF THE 2ND |
New York Knights batting - Pitching for Pocatello Bellas : RHP Kevin Bush
|
Batting: LHB Sixto Cortés
|
0-0: DOUBLE (Line Drive, 89XD)
|
Batting: RHB Jason Blair
|
0-0: Fly out, F9 (Flyball, 89S)
|
Batting: RHB Gerald Miller
|
0-0: Ball 1-0: Swinging Strike 1-1: Foul Ball, location: 2F 1-2: Strikes out swinging
|
Batting: RHB Robert Downing
|
0-0: Swinging Strike 0-1: Swinging Strike 0-2: Ground out 2-3 (Groundball, 2L)
|
Top of the 2nd over - 0 runs, 1 hit, 0 errors, 1 left on base; New York 1 - Pocatello 0 |
BOTTOM OF THE 2ND |
Pocatello Bellas batting - Pitching for New York Knights : RHP Thatcher Smith
|
Batting: LHB Stan Bates
|
0-0: Swinging Strike 0-1: SINGLE (Groundball, 4MD)
|
Batting: SHB Juan Castro
|
0-0: Ball 1-0: Ball 2-0: SINGLE (Groundball, 5D) Stan Bates to second
|
Batting: RHB Javier Deleón
|
0-0: Called Strike 0-1: Called Strike 0-2: Ball 1-2: Ball 2-2: Foul Ball, location: 2F 2-2: Grounds into double play, 5-4-3 (Groundball, 5) Stan Bates to third
|
Batting: RHB José Herrera
|
0-0: Called Strike 0-1: Ball 1-1: Foul Ball, location: 2F 1-2: Foul Ball, location: 2F 1-2: Foul Ball, location: 2F 1-2: Ball 2-2: Foul Ball, location: 2F 2-2: SINGLE (Line Drive, 34) Stan Bates scores
|
Batting: RHB Tom Doherty
|
0-0: Fielders Choice at 2nd, 6-4 (Groundball, 6)
|
Bottom of the 2nd over - 1 run, 3 hits, 0 errors, 1 left on base; New York 1 - Pocatello 1 |
TOP OF THE 3RD |
New York Knights batting - Pitching for Pocatello Bellas : RHP Kevin Bush
|
Batting: LHB Bob Campbell
|
0-0: Foul Ball, location: 2F 0-1: Ball 1-1: Ground out U3 (Groundball, 3L)
|
Batting: RHB Jackson Gibson
|
0-0: Swinging Strike 0-1: Called Strike 0-2: Strikes out swinging
|
Batting: SHB Mark Wells
|
0-0: Ball 1-0: Swinging Strike 1-1: Foul Ball, location: 2F 1-2: Strikes out swinging
|
Top of the 3rd over - 0 runs, 0 hits, 0 errors, 0 left on base; New York 1 - Pocatello 1 |
BOTTOM OF THE 3RD |
Pocatello Bellas batting - Pitching for New York Knights : RHP Thatcher Smith
|
Batting: RHB Enrique Mendoza
|
0-0: Bunt missed! 0-1: Ball 1-1: Swinging Strike 1-2: Ball 2-2: Foul Ball, location: 2F 2-2: Fly out, F7 (Flyball, 7LSF)
|
Batting: RHB Buck Jones
|
0-0: Called Strike 0-1: Foul Ball, location: 2F 0-2: Foul Ball, location: 2F 0-2: Ball 1-2: Ball 2-2: Foul Ball, location: 2F 2-2: Foul Ball, location: 2F 2-2: Ball 3-2: Foul Ball, location: 2F 3-2: Ground out U3 (Groundball, 34S)
|
Batting: RHB Lonnie Anderson
|
0-0: Foul Ball, location: 2F 0-1: Fly out, F9 (Flyball, 9D)
|
Bottom of the 3rd over - 0 runs, 0 hits, 0 errors, 0 left on base; New York 1 - Pocatello 1 |
TOP OF THE 4TH |
New York Knights batting - Pitching for Pocatello Bellas : RHP Kevin Bush
|
Batting: LHB Bill McCraney
|
0-0: Called Strike 0-1: Foul Ball, location: 2F 0-2: Ball 1-2: Foul Ball, location: 2F 1-2: Foul Ball, location: 2F 1-2: Ball 2-2: Foul Ball, location: 2F 2-2: Ball 3-2: SINGLE (Line Drive, 4D)
|
Batting: RHB Alberto Hernández
|
0-0: Foul Ball, location: 2F 0-1: Fly out, F9 (Flyball, 9S)
|
Batting: LHB Sixto Cortés
|
0-0: Called Strike 0-1: Ball 1-1: Foul Ball, location: 2F 1-2: Foul Ball, location: 2F 1-2: Strikes out swinging
|
Batting: RHB Jason Blair
|
0-0: Called Strike 0-1: Ball 1-1: Called Strike 1-2: Ground out 4-3 (Groundball, 34)
|
Top of the 4th over - 0 runs, 1 hit, 0 errors, 1 left on base; New York 1 - Pocatello 1 |
BOTTOM OF THE 4TH |
Pocatello Bellas batting - Pitching for New York Knights : RHP Thatcher Smith
|
Batting: SHB Shane Hutchinson
|
0-0: Ball 1-0: Called Strike 1-1: Ground out 5-3 (Groundball, 56)
|
Batting: LHB Stan Bates
|
0-0: Fly out, F8 (Flyball, 8RM)
|
Batting: SHB Juan Castro
|
0-0: Called Strike 0-1: Ball 1-1: Swinging Strike 1-2: Strikes out swinging
|
Bottom of the 4th over - 0 runs, 0 hits, 0 errors, 0 left on base; New York 1 - Pocatello 1 |
TOP OF THE 5TH |
New York Knights batting - Pitching for Pocatello Bellas : RHP Kevin Bush
|
Batting: RHB Gerald Miller
|
0-0: Ball 1-0: Foul Ball, location: 2F 1-1: Foul Ball, location: 2F 1-2: Strikes out swinging
|
Batting: RHB Robert Downing
|
0-0: Swinging Strike 0-1: Ground out 6-3 (Groundball, 6)
|
Batting: LHB Bob Campbell
|
0-0: SINGLE (Groundball, 34D)
|
Batting: RHB Jackson Gibson
|
0-0: Ball Bob Campbell is caught stealing 2nd base
|
Top of the 5th over - 0 runs, 1 hit, 0 errors, 0 left on base; New York 1 - Pocatello 1 |
BOTTOM OF THE 5TH |
Pocatello Bellas batting - Pitching for New York Knights : RHP Thatcher Smith
|
Batting: RHB Javier Deleón
|
0-0: Called Strike 0-1: Swinging Strike 0-2: Ball 1-2: Strikes out looking
|
Batting: RHB José Herrera
|
0-0: Called Strike 0-1: SINGLE (Groundball, 6MD)
|
Batting: RHB Tom Doherty
|
0-0: Ball 1-0: Ball 2-0: Foul Ball, location: 2F 2-1: Fly out, F8 (Flyball, 8LXD)
|
Batting: RHB Enrique Mendoza
|
0-0: Called Strike 0-1: Fielders Choice at 2nd, 5-4 (Groundball, 56)
|
Bottom of the 5th over - 0 runs, 1 hit, 0 errors, 1 left on base; New York 1 - Pocatello 1 |
TOP OF THE 6TH |
New York Knights batting - Pitching for Pocatello Bellas : RHP Kevin Bush
|
Batting: RHB Jackson Gibson
|
0-0: Called Strike 0-1: Ball 1-1: Called Strike 1-2: Strikes out swinging
|
Batting: SHB Mark Wells
|
0-0: Called Strike 0-1: Ball 1-1: Foul Ball, location: 2F 1-2: Ground out 5-3 (Groundball, 2L)
|
Batting: LHB Bill McCraney
|
0-0: Ground out 6-3 (Groundball, 6M)
|
Top of the 6th over - 0 runs, 0 hits, 0 errors, 0 left on base; New York 1 - Pocatello 1 |
BOTTOM OF THE 6TH |
Pocatello Bellas batting - Pitching for New York Knights : RHP Thatcher Smith
|
Batting: RHB Buck Jones
|
0-0: Called Strike 0-1: Ball 1-1: Fly out, F6 (Line Drive, 56D)
|
Batting: RHB Lonnie Anderson
|
0-0: Swinging Strike 0-1: SINGLE (Line Drive, 56D)
|
Batting: SHB Shane Hutchinson
|
0-0: Ball 1-0: Swinging Strike 1-1: Ball 2-1: Foul Ball, location: 2F 2-2: Foul Ball, location: 2F 2-2: Foul Ball, location: 2F 2-2: Ball Wild Pitch! Lonnie Anderson to second 3-2: Intentional Walk
|
Batting: LHB Stan Bates
|
0-0: Foul Ball, location: 2F 0-1: Foul Ball, location: 2F 0-2: Foul Ball, location: 2F 0-2: Ball 1-2: Ball 2-2: Ball 3-2: Foul Ball, location: 2F 3-2: Base on Balls Lonnie Anderson to third Shane Hutchinson to second
|
Pitching: RHP James Jones
|
|
Batting: SHB Juan Castro
|
0-0: Ball 1-0: Swinging Strike 1-1: Grounds into fielders choice 5-2 (Groundball, 56) Shane Hutchinson to third Stan Bates to second
|
Batting: RHB Javier Deleón
|
0-0: Ball 1-0: Foul Ball, location: 2F 1-1: Called Strike 1-2: Ball 2-2: Ball 3-2: Strikes out swinging
|
Bottom of the 6th over - 0 runs, 1 hit, 0 errors, 3 left on base; New York 1 - Pocatello 1 |
TOP OF THE 7TH |
New York Knights batting - Pitching for Pocatello Bellas : RHP Kevin Bush
|
Pinch Hitting: LHB Willie Wallace
|
0-0: Ball 1-0: Ground out 6-3 (Groundball, 6)
|
Batting: LHB Sixto Cortés
|
0-0: Ball 1-0: Fly out, F8 (Line Drive, 8LM)
|
Batting: RHB Jason Blair
|
0-0: Called Strike 0-1: Swinging Strike 0-2: Strikes out swinging
|
Top of the 7th over - 0 runs, 0 hits, 0 errors, 0 left on base; New York 1 - Pocatello 1 |
BOTTOM OF THE 7TH |
Pocatello Bellas batting - Pitching for New York Knights : RHP James Jones
|
Now in CF: Nicholas Alston
|
|
Batting: RHB José Herrera
|
0-0: Called Strike 0-1: Swinging Strike 0-2: Ground out 1-3 (Groundball, 13S)
|
Batting: RHB Tom Doherty
|
0-0: Foul Ball, location: 2F 0-1: Called Strike 0-2: Ball 1-2: Ground out 4-3 (Groundball, 4)
|
Pinch Hitting: LHB Ryan Drake
|
0-0: Called Strike 0-1: Swinging Strike 0-2: Ball 1-2: Ball 2-2: Foul Ball, location: 2F 2-2: DOUBLE (Line Drive, 9LM)
|
Batting: RHB Buck Jones
|
0-0: Ball 1-0: Swinging Strike 1-1: Ball 2-1: SINGLE (Flyball, 8LS) Ryan Drake to third Runner from 3rd tries for Home, SAFE, no throw
|
Batting: RHB Lonnie Anderson
|
0-0: Ball 1-0: Ball 2-0: Ball 3-0: Base on Balls Buck Jones to second
|
Batting: SHB Shane Hutchinson
|
0-0: Called Strike 0-1: Swinging Strike 0-2: Ball 1-2: Strikes out swinging
|
Bottom of the 7th over - 1 run, 2 hits, 0 errors, 2 left on base; New York 1 - Pocatello 2 |
TOP OF THE 8TH |
New York Knights batting - Pitching for Pocatello Bellas : RHP Kevin Bush
|
Now in LF: Ryan Drake
|
|
Batting: RHB Gerald Miller
|
0-0: Ball 1-0: Foul Ball, location: 2F 1-1: Ball 2-1: Swinging Strike 2-2: Ball 3-2: Strikes out swinging, 2-3 out at first.
|
Batting: RHB Robert Downing
|
0-0: Called Strike 0-1: Foul Ball, location: 2F 0-2: Ball 1-2: Foul Ball, location: 2F 1-2: Strikes out swinging
|
Batting: LHB Bob Campbell
|
0-0: Ground out 4-3 (Groundball, 4)
|
Top of the 8th over - 0 runs, 0 hits, 0 errors, 0 left on base; New York 1 - Pocatello 2 |
BOTTOM OF THE 8TH |
Pocatello Bellas batting - Pitching for New York Knights : RHP James Jones
|
Batting: LHB Stan Bates
|
0-0: Called Strike 0-1: Ball 1-1: Ball 2-1: Ball 3-1: Base on Balls
|
Batting: SHB Juan Castro
|
0-0: Ball 1-0: Foul Ball, location: 2F 1-1: Foul Ball, location: 2F 1-2: Ball 2-2: SINGLE (Groundball, 15) (infield hit) Stan Bates to second
|
Batting: RHB Javier Deleón
|
0-0: Ball 1-0: Foul Ball, location: 2F 1-1: Ball 2-1: SINGLE (Line Drive, 3D) Stan Bates to third Juan Castro to second Runner from 3rd tries for Home, SAFE, throw made home
|
Pinch Hitting: RHB António Ortega
|
0-0: Ball 1-0: 3-RUN HOME RUN (Flyball, 7LD), Distance : 346 ft
|
Pitching: LHP Henny van der Lack
|
|
Batting: RHB Tom Doherty
|
0-0: Ball 1-0: Called Strike 1-1: Ball 2-1: Foul Ball, location: 2F 2-2: SINGLE (Groundball, 6MD)
|
Batting: LHB Ryan Drake
|
0-0: Ball 1-0: Called Strike 1-1: Ball 2-1: Ball 3-1: Base on Balls Tom Doherty to second
|
Batting: RHB Buck Jones
|
0-0: Bunted foul 0-1: Ball 1-1: Ball 2-1: Sac Bunt - play at first, batter OUT! 1-4 Tom Doherty to third Ryan Drake to second
|
Batting: RHB Lonnie Anderson
|
0-0: Called Strike 0-1: Ground out 4-3 (Groundball, 4)
|
Batting: SHB Shane Hutchinson
|
0-0: Ball 1-0: Foul Ball, location: 2F 1-1: Ball 2-1: Swinging Strike 2-2: Ball 3-2: Base on Balls
|
Batting: LHB Stan Bates
|
0-0: Ball 1-0: Fly out, F8 (Flyball, 89D)
|
Bottom of the 8th over - 4 runs, 4 hits, 0 errors, 3 left on base; New York 1 - Pocatello 6 |
TOP OF THE 9TH |
New York Knights batting - Pitching for Pocatello Bellas : RHP Kevin Bush
|
Now in RF: José Rivas
|
|
Batting: RHB Jackson Gibson
|
0-0: Called Strike 0-1: Called Strike 0-2: Ball 1-2: Ball 2-2: Ball 3-2: Ground out 6-3 (Groundball, 6)
|
Batting: SHB Mark Wells
|
0-0: Fly out, F9 (Flyball, 89S)
|
Batting: LHB Bill McCraney
|
0-0: Ball 1-0: Ball 2-0: SINGLE (Groundball, 4MD)
|
Batting: LHB Nicholas Alston
|
0-0: SINGLE (Line Drive, 6MD) Bill McCraney to second
|
Batting: LHB Sixto Cortés
|
0-0: Called Strike 0-1: DOUBLE (Flyball, 8LXD) Bill McCraney scores Nicholas Alston to third
|
Pitching: RHP Jaime Espinoza
|
|
Batting: RHB Jason Blair
|
0-0: Called Strike 0-1: Ball 1-1: Foul Ball, location: 2F 1-2: Strikes out swinging
|
Top of the 9th over - 1 run, 3 hits, 0 errors, 2 left on base; New York 2 - Pocatello 6 |
|